 Dungeon Crawl Stone Soup version 0.30-a0-722-g3e6e8c874d (webtiles) character file.

Game seed: 12633510155621791225

18004 browni3141 the Grappler (level 12, -5/178 HPs)
             Began as a Troll Berserker on Jan 27, 2023.
             Was a High Priest of Trog.
             Slain by an orc warrior
             ... wielding a +0 trident
             ... led by an orc high priest
              (7 damage)
             ... on level 2 of the Orcish Mines.
             The game lasted 00:17:46 (10173 turns).

browni3141 the Grappler (Troll Berserker)          Turns: 10173, Time: 00:17:47

Health: -5/178     AC:  4    Str: 32    XL:     12   Next: 23%
Magic:  11/11      EV: 11    Int:  9    God:    Trog [*****.]
Gold:   770        SH:  0    Dex:  9    Spells: 11/11 levels left

rFire   + + .      SeeInvis .      - Unarmed
rCold   + . .      Faith    .    (no shield)
rNeg    . . .      Spirit   .    J - +0 robe {Will+}
rPois   +          Reflect  .    (helmet restricted)
rElec   +          Harm     .    (no cloak)
rCorr   +          Rampage  .    (gloves unavailable)
Will    +....                    (boots unavailable) Stlth
                                 N - amulet of Vitality {RegenMP++ Regen++}
HPRegen 2.89/turn                L - ring of protection from fire
MPRegen 0.92/turn                O - +6 ring of intelligence

@: berserking, resistant, very quick
A: large, unfitting armour, claws 3, regeneration 1, shaggy fur 1, tough skin 1
a: Renounce Religion, Berserk, Trog's Hand, Brothers in Arms


You were on level 2 of the Orcish Mines.
You worshipped Trog.
Trog was extremely pleased with you.
You visited 2 branches of the dungeon, and saw 12 of its levels.

You collected 1188 gold pieces.
You spent 418 gold pieces at shops.

Inventory:

Missiles
 r - 3 atropa-tipped darts (quivered)
 y - 6 curare-tipped darts
 A - 5 silver boomerangs
 K - 20 boomerangs
 Q - 3 boomerangs of dispersal
Armour
 a - a +0 animal skin
 I - a +0 kite shield
 J - a +0 robe of willpower (worn)
 S - a +0 troll leather armour
Jewellery
 L - a ring of protection from fire (left claw)
 M - an amulet of reflection
 N - the amulet of Vitality (around neck) {RegenMP++ Regen++}
   (You took it off a tengu conjurer on level 8 of the Dungeon)

   [amulet of magic regeneration]

   It increases your rate of magic regeneration.
   Regen:     It increases your rate of health regeneration.
 O - a +6 ring of intelligence (right claw)
Wands
 n - a wand of flame (26)
 t - a wand of mindburst (10)
 B - a wand of polymorph (1)
 C - a wand of charming (14)
Scrolls
 d - 17 scrolls of identify {unknown}
 f - 2 scrolls of torment {unknown}
 i - 3 scrolls of vulnerability {unknown}
 j - 4 scrolls of brand weapon {unknown}
 k - 2 scrolls of noise {unknown}
 l - 5 scrolls of blinking {unknown}
 m - 2 scrolls of enchant weapon {unknown}
 o - 2 scrolls of silence {unknown}
 q - a scroll of amnesia {unknown}
 u - 4 scrolls of teleportation {unknown}
 w - 2 scrolls of enchant armour {unknown}
 x - a scroll of magic mapping {unknown}
Potions
 b - 3 potions of lignification {unknown}
 c - a potion of brilliance {unknown}
 e - 6 potions of curing
 g - 5 potions of heal wounds
 h - 2 potions of mutation {unknown}
 p - 2 potions of berserk rage
 s - 2 potions of flight {unknown}
 v - a potion of attraction {unknown}
 z - 2 potions of cancellation
 D - a potion of resistance
 E - a potion of might
 F - a potion of invisibility
 G - 2 potions of haste {unknown}
 H - 2 potions of magic {unknown}
 P - a potion of degeneration {unknown}


   Skills:
 + Level 7.7 Fighting
 * Level 9.8 Throwing
 + Level 7.7 Dodging
 - Level 1.0 Stealth
 * Level 12.6 Unarmed Combat


You had 11 spell levels left.
You didn't know any spells.
Your spell library was empty.

Dungeon Overview and Level Annotations

Branches:
Dungeon (10/15)            Temple (0/1) D:6            Lair (0/5) D:8
    Orc (2/2) D:10            Elf (0/3) Orc:2

Altars:
Ashenzari
Hepliaklqana
Makhleb
Trog
Uskayaw
Vehumet
Wu Jian
Xom
Yredelemnul

Shops:
D:6 =?   D:9 !


Innate Abilities, Weirdness & Mutations

You are too large for most types of armour.
You have claws for hands.
Your natural rate of healing is unusually fast.
You are covered in fur. (AC +1)
You have tough skin. (AC +1)


Message History

The sun demon hits you!
You are engulfed in flames!
You resist.
Throw: 3 darts (atropa)
Press: ? - help, Q - select action, (/) - cycle Shift-Dir - straight line, f/p - orc high priest
Aim: an orc high priest, wielding a +0 glaive and wearing a +0 leather armour (heavily wounded, 56% to hit, chance to blind on hit: 20%)
Okay, then.
Unknown command.
The orc high priest hits you from afar with a +0 glaive.
The sun demon hits you!
You are engulfed in flames.
You resist. The chaos spawn completely misses you.
A red film seems to cover your vision as you go berserk!
You feel yourself moving faster!
You feel mighty!
The orc warrior hits you with a +0 battleaxe!
The orc priest miscasts a cantrip.
The orc high priest hits you from afar with a +0 glaive!
The sun demon hits you!!
You are engulfed in flames!
You resist.
The soul eater draws from the surrounding life force!
The chaos spawn hits you!
* * * LOW HITPOINT WARNING * * *
You feel protected.
You mangle the orc warrior!!
The orc warrior is severely wounded.
The sun demon barely misses you.
The orc high priest hits you from afar with a +0 glaive!
* * * LOW HITPOINT WARNING * * *
You scratch the orc warrior but do no damage.
Your claw misses the orc warrior.
The orc warrior is severely wounded.
The chaos spawn hits you!
* * * LOW HITPOINT WARNING * * *
You are engulfed in flames.
You resist.
* * * LOW HITPOINT WARNING * * *
You completely miss the orc warrior. Your claw misses the orc warrior.
The orc warrior is severely wounded.
The sun demon hits you!
* * * LOW HITPOINT WARNING * * *
You are engulfed in flames.
You resist.
* * * LOW HITPOINT WARNING * * *
The orc warrior closely misses you.
The orc warrior hits you from afar with a +0 trident!
You die...

##.##.....(. .
##...........
..##..........(.
................
..........o3.....
#.....o.o......
#..$.43oo.#....
#.....@#.#.....
#......#.#.....
#.#............ #
##...........
##.........#
####......###
#..........#
###.........##
#......#>....#


You could see a soul eater (summoned), an orc high priest, a sun demon
(summoned), a chaos spawn (summoned), 3 orc warriors and an orc priest.

Vanquished Creatures
  An orc warlord (Orc:2)
  A hydra (D:8)
  A tengu warrior (D:8)
  2 two-headed ogres
  The ghost of sirJeffrey23 the Severer, a novice HOFi of Beogh (D:9)
  Urug (D:10)
  3 manticores
  A gargoyle (D:10)
  Psyche (D:9)
  3 kobold demonologists (D:7)
  Maggie (D:10)
  A tengu conjurer (D:8)
  4 trolls
  A hornet (D:9)
  Grinder (D:3)
  5 slime creatures
  A wyvern (D:7)
  A human (D:8)
  15 yaks
  Grum (D:9)
  4 wargs (Orc:1)
  Edmund (D:5)
  2 water moccasins
  13 orc warriors
  A black bear (D:8)
  An ogre (Orc:1)
  4 centaurs
  2 wolves (D:9)
  3 kobold brigands (D:7)
  3 bullfrogs
  A gnoll sergeant (D:8)
  A scorpion (D:5)
  13 wights
  7 killer bees
  An electric eel (D:6)
  4 howler monkeys
  A human zombie (D:8)
  7 hounds
  2 jellies
  12 orc priests
  A gnoll bouda (D:6)
  Jessica (D:3)
  4 iguanas
  13 orc wizards
  17 gnolls
  9 adders
  A white imp (D:8)
  A worm (D:2)
  5 dart slugs
  77 orcs
  13 ball pythons
  9 endoplasms
  3 giant cockroaches
  4 goblins
  9 hobgoblins
  16 jackals
  4 quokkas
  8 bats
  A frilled lizard (D:3)
  8 kobolds
  3 rats
336 creatures vanquished.

Vanquished Creatures (others)
  An orc (Orc:1)
  3 fungi (D:7)
  15 plants
19 creatures vanquished.

Grand Total: 355 creatures vanquished

Notes
Turn   | Place    | Note
-------+----------+-------------------------------------------
     0 | D:1      | browni3141 the Troll Berserker began the quest for the Orb.
     0 | D:1      | Reached XP level 1. HP: 22/22 MP: 0/0
    88 | D:1      | Reached skill level 1 in Stealth
    88 | D:1      | Reached XP level 2. HP: 21/29 MP: 1/1
   222 | D:1      | Reached XP level 3. HP: 31/36 MP: 2/2
   457 | D:1      | Reached ** piety under Trog
   848 | D:2      | Reached XP level 4. HP: 44/44 MP: 3/3
   993 | D:2      | Found an ornate altar of the Wu Jian Council.
  1055 | D:2      | Reached skill level 4 in Unarmed Combat
  1320 | D:3      | Reached XP level 5. HP: 29/53 MP: 4/4
  1567 | D:3      | Found a radiant altar of Vehumet.
  1768 | D:3      | Noticed Grinder
  1779 | D:3      | Killed Grinder
  1780 | D:3      | Reached skill level 5 in Unarmed Combat
  1780 | D:3      | Reached XP level 6. HP: 36/61 MP: 5/5
  1936 | D:3      | Noticed Jessica
  1944 | D:3      | Killed Jessica
  2136 | D:3      | Found a bloodstained altar of Trog.
  2332 | D:4      | Reached *** piety under Trog
  2443 | D:4      | Found a broken altar of Ashenzari.
  2453 | D:4      | Reached XP level 7. HP: 68/68 MP: 6/6
  2649 | D:4      | Reached skill level 6 in Unarmed Combat
  2694 | D:4      | Found a hazy altar of Hepliaklqana.
  3033 | D:5      | Entered Level 5 of the Dungeon
  3140 | D:5      | Noticed Edmund
  3156 | D:5      | Killed Edmund
  3402 | D:5      | Reached **** piety under Trog
  3774 | D:6      | Noticed a two-headed ogre
  3774 | D:6      | Found Eshaje's Jewellery Boutique.
  3819 | D:6      | Found a burning altar of Makhleb.
  3890 | D:6      | Found Peta's Magic Scroll Boutique.
  3937 | D:6      | Found a staircase to the Ecumenical Temple.
  4017 | D:6      | Reached skill level 1 in Throwing
  4017 | D:6      | Reached skill level 7 in Unarmed Combat
  4017 | D:6      | Reached XP level 8. HP: 67/79 MP: 7/7
  4341 | D:6      | Killed a two-headed ogre
  4342 | D:6      | Reached skill level 5 in Fighting
  4342 | D:6      | Reached skill level 8 in Unarmed Combat
  4707 | D:7      | Reached skill level 5 in Dodging
  4745 | D:7      | Reached XP level 9. HP: 66/88 MP: 8/8
  5027 | D:7      | Noticed a kobold demonologist
  5027 | D:7      | Noticed a kobold demonologist
  5028 | D:7      | Noticed a +0 dagger
  5031 | D:7      | Noticed a +0 hand axe
  5035 | D:7      | Noticed a sun demon
  5036 | D:7      | Killed a kobold demonologist
  5040 | D:7      | Noticed a kobold demonologist
  5043 | D:7      | Killed a kobold demonologist
  5044 | D:7      | Reached skill level 5 in Throwing
  5047 | D:7      | Reached skill level 9 in Unarmed Combat
  5058 | D:7      | Killed a kobold demonologist
  5068 | D:7      | Found a hide-covered altar of Uskayaw.
  5365 | D:8      | Noticed a manticore
  5365 | D:8      | Noticed a troll
  5365 | D:8      | Noticed a seven-headed hydra
  5365 | D:8      | Noticed a tengu warrior
  5374 | D:8      | Killed a troll
  5397 | D:9      | Noticed Grum
  5397 | D:9      | Found Unafonn's Distillery.
  5402 | D:9      | Reached XP level 10. HP: 98/98 MP: 9/9
  5414 | D:9      | Killed Grum
  5598 | D:9      | Bought a potion of resistance for 110 gold pieces
  5598 | D:9      | Bought a potion of curing for 33 gold pieces
  5598 | D:9      | Bought a potion of might for 44 gold pieces
  5598 | D:9      | Bought a potion of cancellation for 88 gold pieces
  5598 | D:9      | Bought a potion of heal wounds for 55 gold pieces
  5598 | D:9      | Bought a potion of invisibility for 88 gold pieces
  5764 | D:9      | Found a runed translucent door.
  5766 | D:9      | Noticed sirJeffrey23's ghost (novice HOFi)
  5795 | D:9      | Noticed Psyche
  5802 | D:9      | Killed Psyche
  5803 | D:9      | Reached skill level 10 in Unarmed Combat
  5978 | D:9      | Found a shimmering altar of Xom.
  6181 | D:9      | Noticed a manticore
  6187 | D:9      | Killed a manticore
  6293 | D:9      | Killed sirJeffrey23's ghost
  6424 | D:8      | Found a runed translucent door.
  6426 | D:8      | Found a basalt altar of Yredelemnul.
  6458 | D:8      | Reached XP level 11. HP: 27/107 MP: 10/10
  6630 | D:8      | Reached skill level 11 in Unarmed Combat
  6992 | D:8      | Killed an eight-headed hydra
  7163 | D:8      | Reached ***** piety under Trog
  7293 | D:8      | Killed a tengu warrior
  7445 | D:8      | Found a staircase to the Lair.
  7563 | D:10     | Entered Level 10 of the Dungeon
  7616 | D:10     | Noticed a two-headed ogre
  7625 | D:10     | Killed a two-headed ogre
  7793 | D:10     | Found a staircase to the Orcish Mines.
  7996 | D:10     | Noticed Maggie
  8006 | D:10     | Killed Maggie
  8021 | D:10     | Reached skill level 12 in Unarmed Combat
  8128 | D:10     | Noticed Urug
  8136 | D:10     | Killed Urug
  8282 | D:10     | Received a gift from Trog
  8329 | D:10     | Reached XP level 12. HP: 115/116 MP: 11/11
  8585 | D:10     | Found a staircase to the Orcish Mines.
  8910 | Orc:1    | Entered Level 1 of the Orcish Mines
  9790 | Orc:2    | Entered Level 2 of the Orcish Mines
  9794 | Orc:2    | Noticed an orc warlord
  9913 | Orc:2    | Killed an orc warlord
 10074 | Orc:2    | Identified the +2 giant club "Toronwom" {flame, Fly rElec
                  | Will- Str+5} (Trog gifted it to you on level 2 of the
                  | Orcish Mines)
 10074 | Orc:2    | Received a gift from Trog
 10152 | Orc:2    | Found a staircase to the Elven Halls.
 10162 | Orc:2    | Noticed an orc high priest
 10173 | Orc:2    | HP: 8/178 [sun demon[an orc high priest] (11)]
 10173 | Orc:2    | HP: 2/178 [sun demon[an orc high priest] (6)]
 10173 | Orc:2    | Slain by an orc warrior

Illustrated notes

Levels and vault maps discovered:
D:1:      eino_arrival_water_star, layout_rooms, serial_bayou,
          serial_bayou_pond_b, serial_bayou_pond_e, serial_bayou_lake_a,
          serial_bayou_ford_a, grunt_decor_resistance, minivault_11
D:2:      layout_basic, basic_altar
D:3:      layout_basic, lemuel_crystal_altar, lemuel_doored_altar, serial_bayou,
          serial_bayou_lagoon_b, serial_bayou_crossing, serial_bayou_pond_d,
          serial_bayou_pond_d, serial_bayou_pond_b,
          hangedman_abyss_or_decor_lesser_grid, kennysheep_jessica_study,
          uniq_grinder
D:4:      minmay_wonky_spiral, layout_loops_ring,
          mainiacjoe_overflow_surrounded_room, evilmike_ruin_ashenzari
D:5:      layout_loops_ring, hangedman_abyss_or_decor_passed,
          nicolae_concentric_dashed_squares_mild, uniq_edmund
D:6:      layout_rooms, kennysheep_mini, minmay_temple_entry_sparse_star,
          serial_shops, nicolae_shop_crystal, nicolae_inconvenience_store,
          kennysheep_cluttered_room, serial_bayou_lagoon_a, minivault_4
D:7:      layout_basic, dancing_weapons_uskayaw, dreamdust_gnoll_farm
D:8:      minmay_the_grid_octo_triangle [minmay_the_grid_octo_fat_diamond,
          minmay_the_grid_octo_prize_big_c,
          minmay_the_grid_octo_tetromino_candy], layout_rooms,
          dk_yredelemnul_ordeal, lair_entry_dummy, special_room
          [special_room_orc]
D:9:      layout_long_grid, mainiacjoe_overflow_boulevard,
          ebering_ghost_inner_flame, serial_shops, nicolae_diamond_shop,
          item_on_display_a, uniq_grum, uniq_psyche
D:10:     layout_roguey, minmay_orc_entry_temple_small, uniq_urug, uniq_maggie
Orc:1:    layout_caves, nicolae_orc_pool_cavern
Orc:2:    st_orc_open, layout_diamond_mine, uniq_maurice

Skill      XL: |  1  2  3  4  5  6  7  8  9 10 11 |
---------------+----------------------------------+-----
Stealth        | 1 |  1.0
Unarmed Combat | 4 5 7 8 9 10 12 | 12.6
Fighting       | 3 4 5 6 7 |  7.7
Dodging        | 3 4 5 6 7 |  7.7
Throwing       | 1 3 5 7 9 |  9.8

Action                     |  1- 3 |  4- 6 |  7- 9 | 10-12 || total
---------------------------+-------+-------+-------+-------++-------
  Melee: Unarmed           |    87 |   133 |   230 |   430 ||   880
         Punch             |       |     2 |    14 |    25 ||    41
  Throw: Dart              |       |       |     5 |       ||     5
         Boomerang         |       |       |     2 |    46 ||    48
         Javelin           |       |       |       |    10 ||    10
 Invoke: Berserk           |       |     1 |     2 |    15 ||    18
         Trog's Hand       |       |     1 |       |     1 ||     2
  Evoke: Wand              |       |     1 |    31 |     7 ||    39
    Use: Potion            |       |       |     3 |       ||     3
   Stab: Sleeping          |       |       |     3 |     2 ||     5
 Armour: Animal skin       |    21 |    47 |    41 |     8 ||   117
         Skin              |       |       |       |     6 ||     6
         Robe              |       |       |       |    47 ||    47
  Dodge: Dodged            |    47 |    75 |   135 |   191 ||   448

Table legend: (Time is in decaauts)
 A = Elapsed time spent in this place.
 B = Non-inter-level travel time spent in this place.
 C = Inter-level travel time spent in this place.
 D = Time resting spent in this place.
 E = Time spent auto-exploring this place.
 F = Levels seen in this place.
 G = Mean time per level.
                   A        B        C        D        E       F      G
               +--------+--------+--------+--------+--------+-----+--------+
         Total |  10199 |   9328 |    871 |    507 |   6561 |  12 |  849.9 |
       Dungeon |   9241 |   8436 |    805 |    395 |   5972 |  10 |  924.1 |
  Orcish Mines |    957 |    892 |     65 |    111 |    589 |   2 |  478.5 |
               +--------+--------+--------+--------+--------+-----+--------+

Top non-repeatable levels by time:
    D:10: 1478 daAuts
     D:8: 1184 daAuts
     D:9: 1147 daAuts
     D:3: 956 daAuts
     D:6: 865 daAuts
     D:7: 784 daAuts
     D:4: 765 daAuts
     D:5: 759 daAuts
     D:2: 720 daAuts
   Orc:1: 678 daAuts
     D:1: 580 daAuts
   Orc:2: 279 daAuts
